 Dungeon Crawl Stone Soup version 0.25-a0-566-g062765be81 (webtiles) character file.

Game seed: 11587741625543916594, levelgen mode: deterministic

375 MisterFreud the Skirmisher (level 7, -5/58 HPs)
             Began as a Formicid Abyssal Knight on Feb 27, 2020.
             Was a Priest of Lugonu.
             Slain by an ice beast (12 damage)
             ... on level 3 of the Dungeon.
             The game lasted 00:06:04 (3226 turns).

MisterFreud the Skirmisher (FoAK)                   Turns: 3226, Time: 00:06:05

Health: -5/58      AC: 13    Str: 18    XL:     7   Next: 3%
Magic:  8/8        EV:  6    Int: 12    God:    Lugonu [***...]
Gold:   181        SH:  0    Dex: 10    Spells: 6/6 levels left

rFire    . . .     SeeInvis +   a - +1 mace
rCold    . . .     Gourm    .   (no shield)
rNeg     . . .     Faith    .   m - +1 plate armour
rPois    .         Spirit   .   (helmet unavailable)
rElec    .         Reflect  .   (no cloak)
rCorr    .         Harm     .   (no gloves)
MR       .....                  (no boots)
Stlth    ..........             (no amulet)
HPRegen  0.19/turn              (no ring)
MPRegen  0.11/turn              (no ring)

@: no status effects
A: permanent stasis, dig shafts and tunnels, four strong arms, antennae 3
a: Dig, Shaft Self, Depart the Abyss, Bend Space, Banish, Renounce Religion


You were on level 3 of the Dungeon.
You worshipped Lugonu.
Lugonu was most pleased with you.
You were not hungry.

You visited 1 branch of the dungeon, and saw 5 of its levels.
You visited the Abyss 1 time.

You collected 181 gold pieces.

Inventory:

Hand Weapons
 a - a +1 mace (weapon)
Missiles
 d - 47 arrows
 g - 37 stones (quivered)
 i - 6 sling bullets
Armour
 m - a +1 plate armour (worn)
Wands
 p - a wand of flame (3)
Scrolls
 h - a scroll of magic mapping
 l - a scroll of fog
Potions
 e - a potion of curing
 f - a potion of haste {unknown}
 j - 2 potions of lignification
 k - 2 potions of ambrosia
 n - 3 potions of heal wounds
 q - a potion of cancellation {unknown}
Comestibles
 c - 6 rations


   Skills:
 - Level 6.0 Fighting
 - Level 2.0 Maces & Flails
 + Level 5.7 Armour
 - Level 0.8 Dodging
 - Level 2.1 Invocations


You had 6 spell levels left.
You didn't know any spells.
Your spell library was empty.

Dungeon Overview and Level Annotations

Branches:
Dungeon (5/15)             Temple (0/1) D:4

Altars:
Xom


Innate Abilities, Weirdness & Mutations

You cannot be hasted, slowed, berserked, paralysed or teleported.
You can dig through walls and to a lower floor.
Your four strong arms can wield two-handed weapons with a shield.
You have a pair of large antennae on your head. (SInv)


Message History

You hit the phantom but do no damage.
The phantom blinks!
The ice beast hits you. The ice beast freezes you!
You climb upwards.
There is a stone staircase leading down here.
You closely miss the ice beast. The ice beast hits you.
The ice beast freezes you!
The ice beast hits you but does no damage.
You closely miss the ice beast. The ice beast barely misses you.
You hit the ice beast but do no damage. The ice beast hits you.
* * * LOW HITPOINT WARNING * * *
The ice beast freezes you!
* * * LOW HITPOINT WARNING * * *
You barely miss the ice beast.
The ice beast hits you but does no damage.
You hit the ice beast.
The ice beast is lightly wounded.
The ice beast closely misses you. The ice beast hits you.
* * * LOW HITPOINT WARNING * * *
The ice beast freezes you!
You die...

###############
#.......<.....#
##.#.########..#
........# #..#
##<#.##.# ##..#
##.#.##.####...#
...).....##.#..####
.#.#.##.........@Y#
.#.#.##.##.....##.#
.#......##.#...##.#
.#...#####.#...##.#
##...#####.#......#
...<...........##.#
###...........###.#
#.############..#
#.# #####>.######


You could see an ice beast.

Vanquished Creatures
  A scorpion (D:4)
  A howler monkey (D:5)
  2 jellies (D:5)
  A bullfrog skeleton (D:5)
  An orc priest (D:4)
  A worker ant (D:5)
  A hound zombie (D:5)
  3 gnolls (D:3)
  3 adders
  An ooze (D:3)
  3 worms
  2 dart slugs
  2 leopard geckos
  3 orcs (D:3)
  6 giant cockroaches
  7 goblins
  9 hobgoblins
  9 kobolds
  3 bats
  3 frilled lizards
  6 rats
68 creatures vanquished.

Notes
Turn   | Place    | Note
-------+----------+-------------------------------------------
     0 | Abyss:1  | MisterFreud the Formicid Abyssal Knight began the quest for
                  | the Orb.
     0 | Abyss:1  | Reached XP level 1. HP: 18/18 MP: 2/2
    21 | D:1      | Escaped the Abyss
   327 | D:1      | Reached XP level 2. HP: 25/25 MP: 3/3
   394 | D:1      | Reached skill level 4 in Fighting
   832 | D:1      | Reached XP level 3. HP: 31/31 MP: 4/4
  1159 | D:2      | Reached ** piety under Lugonu
  1241 | D:2      | Reached skill level 5 in Fighting
  1313 | D:2      | Reached XP level 4. HP: 39/39 MP: 5/5
  1634 | D:3      | Reached XP level 5. HP: 17/46 MP: 6/6
  1901 | D:3      | Reached skill level 6 in Fighting
  2331 | D:4      | Found a staircase to the Ecumenical Temple.
  2478 | D:4      | Noticed a phantom
  2529 | D:3      | Reached *** piety under Lugonu
  2681 | D:5      | Entered Level 5 of the Dungeon
  2681 | D:5      | Found a shimmering altar of Xom.
  2690 | D:4      | Reached XP level 6. HP: 20/52 MP: 7/7
  3017 | D:5      | Reached skill level 5 in Armour
  3187 | D:5      | Reached XP level 7. HP: 58/58 MP: 8/8
  3226 | D:3      | Slain by an ice beast

Levels and vault maps discovered:
D:1:      scummos_arrival_star, layout_basic, serial_rivers,
          chequers_serial_rivers_micro_a, chequers_serial_rivers_micro_e,
          chequers_serial_rivers_marsh, chequers_serial_rivers_small_a
D:2:      layout_basic, nicolae_overflow_hidden_temple, first_ration,
          item_on_display_a
D:3:      layout_loops_ring
D:4:      layout_cave_pools, lemuel_doored_altar, minmay_temple_entry_slanted
D:5:      cheibrodos_quashed, layout_rooms, overflow_temple_1_default,
          kennysheep_small_spiral, chequers_garden, uniq_crazy_yiuf_cottage

Skill      XL: |  1  2  3  4  5  6 |
---------------+-------------------+-----
Fighting       | 4 5 6 |  6.0
Armour         | 4 5 |  5.7
Maces & Flails | |  2.0
Dodging        | |  0.8
Invocations    | |  2.1

Action                   |  1- 3 |  4- 6 |  7- 9 || total
-------------------------+-------+-------+-------++-------
Melee: Mace              |    78 |   167 |     6 ||   251
 Abil: Dig               |       |     2 |       ||     2
Evoke: Wand              |       |     3 |       ||     3
  Use: Scroll            |     7 |     3 |       ||    10
       Potion            |       |     1 |       ||     1
  Eat: Chunk             |     1 |     7 |       ||     8
Armor: Leather armour    |     9 |       |       ||     9
       Plate armour      |    21 |   107 |     4 ||   132
Dodge: Dodged            |    29 |    37 |     2 ||    68

Table legend:
 A = Non-vault XP
 B = Vault XP
 C = Vault XP percentage of total XP
 D = Non-vault monster count
 E = Vault monster count
 F = Vault count percentage of total count
                 A         B        C        D         E       F
            +---------+---------+-------+---------+---------+-------
      Total |     537 |       0 |   0.0 |      68 |       0 |   0.0
            +---------+---------+-------+---------+---------+-------
        D:1 |      29 |       0 |   0.0 |      16 |       0 |   0.0
        D:2 |      41 |       0 |   0.0 |      15 |       0 |   0.0
        D:3 |     123 |       0 |   0.0 |      27 |       0 |   0.0
        D:4 |     112 |       0 |   0.0 |       4 |       0 |   0.0
        D:5 |     232 |       0 |   0.0 |       6 |       0 |   0.0
            +---------+---------+-------+---------+---------+-------
